 Dungeon Crawl Stone Soup version 0.24.1-8-ga250c9d538 (webtiles) character file.

Game seed: 11608032620852527841, levelgen mode: deterministic

221 Hugehornet the Insei (level 5, -1/33 HPs)
             Began as an Octopode Transmuter on May 1, 2020.
             Slain by an orc priest
             ... wielding a +0 dagger
              (2 damage)
             ... on level 4 of the Dungeon.
             The game lasted 00:07:39 (1980 turns).

Hugehornet the Insei (Octopode Transmuter)          Turns: 1980, Time: 00:07:39

Health: -1/33      AC:  2    Str:  9    XL:     5   Next: 98%
Magic:  6/9        EV: 20    Int: 16    God:
Gold:   71         SH:  0    Dex: 18    Spells: 4/10 levels left

rFire    . . .     SeeInvis .     - Unarmed
rCold    . . .     Gourm    .   (shield currently unavailable)
rNeg     . . .     Faith    .   (helmet currently unavailable)
rPois    x         Spirit   .   (no amulet)
rElec    .         Reflect  .   (no ring)
rCorr    .         Harm     .   (no ring)
MR       .....                  (no ring)
Stlth    ++........             (no ring)
HPRegen  0.11/turn              (no ring)
MPRegen  0.11/turn              (no ring)
                                (no ring)
                                (no ring)

@: spider-form
A: tiny, almost no armour, stealthy swim, (amphibious), 8 rings, (constrict 8)
a: End Transformation


You were on level 4 of the Dungeon.
You were hungry.
You were a venomous arachnid creature.
You visited 1 branch of the dungeon, and saw 3 of its levels.

You collected 71 gold pieces.

Inventory:

Missiles
 a - 11 arrows
Armour
 j - a +0 large shield
Scrolls
 d - a scroll of fog {unknown}
 e - 3 scrolls of remove curse {unknown}
 f - 2 scrolls of identify {unknown}
 g - 2 scrolls of magic mapping {unknown}
 h - a scroll of teleportation {unknown}
 i - a scroll of fear {unknown}
Potions
 b - 2 potions of agility {unknown}
Comestibles
 c - 5 rations


   Skills:
 - Level 1.0 Fighting
 - Level 2.0 Dodging
 - Level 1.5 Stealth
 + Level 4.3 Unarmed Combat
 * Level 3.3 Spellcasting
 * Level 3.8 Transmutations


You had 4 spell levels left.
You knew the following spells:

 Your Spells              Type           Power        Failure   Level  Hunger
a - Beastly Appendage     Tmut           ##....       12%         1    None
b - Sticks to Snakes      Tmut           ##......     16%         2    ##.....
c - Spider Form           Tmut/Pois      #.........   45%         3    ###....

Your spell library contained the following spells:

 Spells                   Type           Power        Failure   Level  Hunger
 Ice Form                 Ice/Tmut       #.......     82%         4    ####...
 Blade Hands              Tmut           ##........   87%         5    ######.


Dungeon Overview and Level Annotations

Branches:
Dungeon (4/15)
 Temple: D:4-7

Altars:

Annotations:
D:4 exclusion: gnoll


Innate Abilities, Weirdness & Mutations

You cannot wear most types of armour.
You are very stealthy in the water. (Stealth+)
((You are amphibious.))
You can wear up to eight rings at the same time.
((You can use your tentacles to constrict eight enemies at once.))
((Your skin changes colour to match your surroundings (Stealth+).))
((Your rubbery body absorbs attacks. (AC +1, EV +1)))


Message History

Beogh smites you!
* * * LOW HITPOINT WARNING * * *
Okay, then.
You tentacle-slap the orc priest.
The orc priest is moderately wounded.
Your transformation is almost over.
You constrict the orc priest.
The orc priest casts a cantrip, but nothing happens.
You tentacle-slap the orc priest.
The orc priest is almost dead.
You constrict the orc priest.
You kill the orc priest!
Casting: Beastly Appendage (safe; 3% risk of failure)
Confirm with . or Enter, or press ? or * to list all spells.
Your tentacle spike disappears.
You turn into a venomous arachnid creature.
You hit the orc priest but do no damage.
The orc priest is poisoned.
The orc priest hits you with a +0 dagger.
You die...

######.....# #.
#.....+
#.....##+####
#............
#............
#............
####'##.......
#.....'.......
#os...#.......
.....'.....#.......
.....#.....########
.... #......# ...
#......# ..
######## #


You could see an orc priest.

Vanquished Creatures
  A howler monkey (D:4)
  An orc priest (D:4)
  3 worker ants (D:4)
  A gnoll (D:1)
  3 adders (D:2)
  An adder skeleton (D:4)
  2 dart slugs (D:1)
  A leopard gecko (D:2)
  2 orcs (D:4)
  2 ball pythons (D:1)
  3 giant cockroaches
  3 goblins (D:1)
  7 hobgoblins
  3 kobolds
  7 bats
  3 rats (D:1)
43 creatures vanquished.

Notes
Turn   | Place    | Note
-------+----------+-------------------------------------------
     0 | D:1      | Hugehornet the Octopode Transmuter began the quest for the
                  | Orb.
     0 | D:1      | Reached XP level 1. HP: 13/13 MP: 3/3
    21 | D:1      | Reached XP level 2. HP: 17/18 MP: 3/5
    38 | D:1      | Learned a level 2 spell: Sticks to Snakes
   268 | D:1      | Reached XP level 3. HP: 17/23 MP: 4/6
   674 | D:1      | Reached skill level 1 in Stealth
  1222 | D:2      | Reached XP level 4. HP: 24/28 MP: 5/7
  1238 | D:2      | Reached skill level 4 in Unarmed Combat
  1355 | D:2      | You fall into a shaft and drop 2 floors!
  1471 | D:4      | Reached XP level 5. HP: 9/33 MP: 6/9
  1785 | D:4      | Learned a level 3 spell: Spider Form
  1976 | D:4      | HP: 1/33 [orc priest/divine providence (13)]
  1980 | D:4      | Slain by an orc priest

Levels and vault maps discovered:
D:1:      onia_arrival_handbag, layout_basic, chequers_serial_rivers_marsh,
          minmay_heptomino_l4
D:2:      layout_basic, zin_purify
D:4:      layout_gridville

Skill      XL: |  1  2  3  4  5 |
---------------+----------------+-----
Stealth        | 1 |  1.5
Unarmed Combat | 4 |  4.3
Transmutations | 3 |  3.8
Spellcasting   | 3 |  3.3
Fighting       | |  1.0
Dodging        | |  2.0

Action                   |  1- 3 |  4- 6 || total
-------------------------+-------+-------++-------
Melee: Unarmed           |    70 |    35 ||   105
       Constrict         |    28 |    10 ||    38
       Kick              |    18 |    13 ||    31
       Punch             |     1 |       ||     1
       Tentacles         |     7 |     9 ||    16
 Cast: Beastly Appendage |    13 |     7 ||    20
       Sticks to Snakes  |       |     1 ||     1
       Spider Form       |       |     1 ||     1
 Stab: Sleeping          |     3 |     2 ||     5
  Eat: Chunk             |       |     3 ||     3
Armor: Skin              |    10 |     1 ||    11
Dodge: Dodged            |    64 |    11 ||    75
